 Dungeon Crawl Stone Soup version 0.32-a0-391-gce5c0aab1b (webtiles) character file.

Game seed: 6941011312483803340

6197 CowFu the Severer (level 10, -20/84 HPs)
             Began as a Mountain Dwarf Fighter on Feb 19, 2024.
             Was a High Priest of Okawaru.
             Demolished by a two-headed ogre
             ... wielding a +0 giant spiked club
              (21 damage)
             ... on level 9 of the Dungeon.
             The game lasted 00:12:02 (8355 turns).

CowFu the Severer (Mountain Dwarf Fighter)          Turns: 8355, Time: 00:12:03

Health: -20/84     AC: 22    Str: 22    XL:     10   Next: 61%
Magic:  10/10      EV:  7    Int: 10    God:    Okawaru [*****.]
Gold:   157        SH:  9    Dex:  9    Spells: 9/9 levels left

rFire   . . .        a - +0 war axe
rCold   . . .        C - +0 kite shield
rNeg    . . .        A - +0 chain mail
rPois   .            f - +1 helmet
rElec   .            c - +0 cloak
rCorr   .            E - +2 pair of gloves
SInv    .            D - +0 pair of boots {Stlth+}
Will    +....        x - amulet of faith Stlth
                     l - ring of flight
HPRegen 0.34/turn    n - +4 ring of protection
MPRegen 0.12/turn

%: faith
@: flying
A: runic magic, artefact enchanting
a: Renounce Religion, Heroism, Finesse, Duel


You were on level 9 of the Dungeon.
You worshipped Okawaru.
Okawaru was extremely pleased with you.
You visited 1 branch of the dungeon, and saw 9 of its levels.
You also visited: Sewer.

You collected 508 gold pieces.
You spent 351 gold pieces at shops.

Inventory:

Hand Weapons
 a - a +0 war axe (weapon)
 b - a +3 flail of protection
Armour
 c - a +0 cloak (worn)
 f - a +1 helmet (worn)
 A - a +0 chain mail (worn)
 C - a +0 kite shield (worn)
 D - a +0 pair of boots of stealth (worn)
 E - a +2 pair of gloves (worn)
Jewellery
 d - an amulet of magic regeneration
 l - a ring of flight (left hand)
 m - a ring of protection from cold
 n - a +4 ring of protection (right hand)
 x - an amulet of faith (around neck)
 H - a ring of poison resistance
Wands
 t - a wand of polymorph (23)
 u - a wand of flame (23)
 v - a wand of digging (6)
Scrolls
 e - 2 scrolls of torment {unknown}
 h - a scroll of immolation
 i - a scroll of blinking
 o - 5 scrolls of identify
 r - a scroll of vulnerability {unknown}
 y - a scroll of fear {unknown}
 z - a scroll of poison {unknown}
 B - a scroll of teleportation {unknown}
 G - a scroll of enchant armour {unknown}
Potions
 g - a potion of enlightenment
 j - 2 potions of lignification
 k - 3 potions of heal wounds
 p - 4 potions of mutation
 q - 3 potions of haste
 w - a potion of brilliance
 F - a potion of curing
 I - a potion of degeneration {unknown}


   Skills:
 + Level 6.5 Fighting
 - Level 16.0 Axes
 + Level 6.3 Armour
 + Level 6.4 Shields


You had 9 spell levels left.
You didn't know any spells.
Your spell library contained the following spells:

 Spells                   Type           Power      Damage    Failure   Level
 Kiss of Death            Conj/Necr      0%         2d5       77%         1
 Sandblast                Erth           0%         2d4       77%         1
 Blink                    Tloc           0%         N/A       88%         2
 Ensorcelled Hibernation  Hex/Ice        0%         N/A       88%         2
 Lesser Beckoning         Tloc           0%         N/A       88%         2
 Momentum Strike          Conj/Tloc      0%         3d8       88%         2
 Confusing Touch          Hex            0%         N/A       98%         3
 Fugue of the Fallen      Necr           0%         N/A       98%         3
 Passwall                 Erth           0%         N/A       98%         3
 Stone Arrow              Conj/Erth      0%         3d7       98%         3
 Anguish                  Hex/Necr       0%         N/A       100%        4
 Brom's Barrelling Bould  Conj/Erth      0%         2d3       100%        4
 Dispel Undead            Necr           0%         3d6       100%        4
 Lee's Rapid Deconstruct  Erth           0%         3d4*      100%        5
 Animate Armour           Summ/Erth      Unusable   N/A       N/A         4
 Summon Lightning Spire   Summ/Air       Unusable   N/A       N/A         4

Dungeon Overview and Level Annotations

Branches:
Dungeon (9/15)             Temple (0/1) D:5            Lair (0/5) D:9
  Sewer (visited)
    Orc: D:9-12

Altars:
Gozag
Okawaru
Sif Muna
Trog
Vehumet
Wu Jian
Zin
The Shining One

Shops:
D:3 (   D:6 [(**

Annotations:
D:4 1 transporter, Sirjeffry24's ghost, novice MDFi


Innate Abilities, Weirdness & Mutations

Your spellcasting is much less encumbered by armour.
You can use scrolls of enchantment on lesser artefacts.


Message History

You are too injured to fight recklessly!
You are too injured to fight recklessly!
You are too injured to fight recklessly!
You are too injured to fight recklessly!
You are too injured to fight recklessly!
You are too injured to fight recklessly!
You are too injured to fight recklessly!
You are confused.
You feel invigorated. The bullfrog closely misses you.
The centaur shoots an arrow.
The arrow hits you but does no damage.
The bullfrog hits you but does no damage.
You barely miss the wolf.
The wolf is severely wounded.
You hit the bullfrog. You closely miss the two-headed ogre.
The wolf bites you but does no damage.
The two-headed ogre hits you with a +0 giant spiked club!!
* * * LOW HITPOINT WARNING * * *
The two-headed ogre closely misses you.
The bullfrog hits you but does no damage.
The wolf barely misses you.
You're too confused to move!
The bullfrog hits you.
* * * LOW HITPOINT WARNING * * *
The wolf bites you but does no damage.
The orc priest miscasts a cantrip.
You bump into the rock wall.
The orc priest invokes the aid of Beogh against you.
Beogh smites you!
* * * LOW HITPOINT WARNING * * *
You hit the two-headed ogre but do no damage.
You feel less invigorated.
You feel less confused.
The two-headed ogre barely misses you. x2
You hit the two-headed ogre.
The two-headed ogre is lightly wounded.
You hit the two-headed ogre.
The two-headed ogre is lightly wounded.
The two-headed ogre hits you with a +0 giant spiked club!
* * * LOW HITPOINT WARNING * * *
The two-headed ogre hits you with a +0 giant spiked club!!
You die...

###...##.# #.# #.#
##..††..#.#######.####### #.#
........................# #.#
##......#.#####.#.###.#.# #.#
##....##.#####.#.# #.#.# ##.####
#.#...........#.###.#.###......
##.#####.##..###.##....##.....##
##...####.#
..###................
...#......##. #@.##...###.....##
##....######. #O####.## ##...##
............#


#ohF# #.# ##.## ..#.#.#####.##..c..##.# #.# ..#.#......##.......### ##.#
......(....##.......# #..# .....#####.#......... #.## .....# ).......... #.#
..#..# .!....>...(.# #.# You could see a two-headed ogre, a wolf, a bullfrog, a
centaur and an orc priest.

Vanquished Creatures
  Pikel (D:8)
  A cyclops (D:8)
  Maurice (D:7)
  A hornet (D:8)
  5 yaks (D:9)
  Eustachio (D:5)
  A wyvern (D:8)
  3 steam dragons
  2 water moccasins
  4 orc warriors
  A sky beast (D:6)
  3 ice beasts
  A black bear (D:5)
  A wolf (D:9)
  2 centaurs
  2 ogres (D:6)
  3 lemures (D:8)
  A phantom (D:4)
  3 kobold brigands
  3 bullfrogs
  A gnoll sergeant (D:5)
  3 scorpions
  2 wights (D:5)
  A howler monkey (D:7)
  5 bombardier beetles
  A hound (D:5)
  3 jellies
  4 orc priests
  Jessica (D:2)
  9 orc wizards
  7 adders
  7 gnolls
  3 river rats (D:3)
  2 shadow imps
  A white imp (D:7)
  6 ufetubi
  8 dart slugs
  3 ribbon worms
  19 orcs
  7 endoplasms
  14 giant cockroaches
  7 goblins
  7 hobgoblins
  6 jackals
  18 kobolds
  4 quokkas
  10 ball pythons
  3 bats
  11 frilled lizards
  9 rats
222 creatures vanquished.

Vanquished Creatures (others)
  2 kobolds (D:8)
2 creatures vanquished.

Grand Total: 224 creatures vanquished

Notes
Turn   | Place    | Note
-------+----------+-------------------------------------------
     0 | D:1      | CowFu the Mountain Dwarf Fighter began the quest for the
                  | Orb.
     0 | D:1      | Reached XP level 1. HP: 19/19 MP: 1/1
    14 | D:1      | You fall into a shaft and drop 1 floor!
    49 | D:2      | Reached skill level 3 in Axes
   101 | D:1      | Reached XP level 2. HP: 26/26 MP: 2/2
   120 | D:1      | Reached skill level 4 in Axes
   241 | D:1      | Reached XP level 3. HP: 22/31 MP: 3/3
   728 | D:1      | Reached skill level 5 in Axes
   810 | D:2      | Noticed Jessica
   814 | D:2      | Killed Jessica
   815 | D:2      | Reached XP level 4. HP: 38/38 MP: 4/4
  1294 | D:3      | Reached skill level 6 in Axes
  1344 | D:3      | Found a shimmering blue altar of Sif Muna.
  1417 | D:3      | Reached XP level 5. HP: 42/45 MP: 5/5
  1562 | D:3      | HP: 2/45 [burnt (4)]
  1755 | D:2      | Reached skill level 7 in Axes
  1819 | D:3      | Found Janauwye's Weapon Shop.
  1873 | D:3      | Found a glowing drain.
  1884 | Sewer    | Entered a sewer
  1904 | Sewer    | Reached XP level 6. HP: 44/51 MP: 6/6
  1991 | Sewer    | Reached skill level 8 in Axes
  2017 | Sewer    | Identified the +6 quarterstaff of the Conjuring Enemy
                  | {protect, rC- rN+ Int+3 Stlth+}
  2541 | D:4      | Reached skill level 9 in Axes
  2817 | D:4      | Reached XP level 7. HP: 48/57 MP: 7/7
  2911 | D:4      | Found an opulent altar of Gozag.
  2955 | D:4      | Found a transporter.
  2959 | D:4      | Noticed Sirjeffry24's ghost (novice MDFi)
  3046 | D:4      | Reached skill level 10 in Axes
  3080 | D:4      | Found an ornate altar of the Wu Jian Council.
  3084 | D:4      | Found a glowing golden altar of the Shining One.
  3085 | D:4      | Found an iron altar of Okawaru.
  3565 | D:4      | Became a worshipper of Warmaster Okawaru
  3591 | D:5      | Entered Level 5 of the Dungeon
  3723 | D:5      | Reached skill level 11 in Axes
  3776 | D:5      | Found a staircase to the Ecumenical Temple.
  3786 | D:5      | Reached XP level 8. HP: 39/63 MP: 8/8
  4147 | D:5      | Found a bloodstained altar of Trog.
  4147 | D:5      | Found a radiant altar of Vehumet.
  4154 | D:5      | Found a glowing silver altar of Zin.
  4160 | D:5      | Noticed Eustachio
  4172 | D:5      | Reached * piety under Okawaru
  4173 | D:5      | Reached skill level 12 in Axes
  4191 | D:5      | Killed Eustachio
  4404 | D:6      | Reached skill level 13 in Axes
  4442 | D:6      | Reached ** piety under Okawaru
  4697 | D:6      | Found Vuecus's Antique Armour Shoppe.
  4776 | D:6      | Bought a pair of glowing boots for 195 gold pieces
  4791 | D:6      | Identified the +1 robe of the Fifty Artists {Str+4}
  4895 | D:6      | Reached skill level 14 in Axes
  4895 | D:6      | Reached XP level 9. HP: 70/70 MP: 9/9
  5025 | D:6      | Found Noloapt's General Store.
  5058 | D:6      | Found Wahaxtug's General Store.
  5070 | D:6      | Bought 2 potions of heal wounds for 120 gold pieces
  5070 | D:6      | Bought a potion of curing for 36 gold pieces
  5213 | D:6      | Found Ewaakige's Weapon Boutique.
  5490 | D:7      | Noticed Maurice
  5495 | D:7      | Something stole a +3 flail of protection
  5498 | D:7      | Something stole a ring of protection from cold
  5503 | D:7      | Something stole 48 gold
  5538 | D:7      | Killed Maurice
  5539 | D:7      | Reached skill level 15 in Axes
  5947 | D:7      | Reached *** piety under Okawaru
  6444 | D:8      | Reached skill level 16 in Axes
  6947 | D:8      | Noticed Pikel
  6963 | D:8      | Reached XP level 10. HP: 20/80 MP: 10/10
  6965 | D:8      | Killed Pikel
  6965 | D:8      | Reached **** piety under Okawaru
  6966 | D:8      | Reached skill level 5 in Fighting
  7182 | D:8      | Noticed a cyclops
  7197 | D:8      | Killed a cyclops
  7198 | D:8      | Reached skill level 5 in Armour
  7198 | D:8      | Reached skill level 5 in Shields
  7369 | D:8      | Paralysed by a hornet for 2 turns
  7378 | D:8      | Paralysed by a hornet for 1 turns
  8334 | D:9      | Found a staircase to the Lair.
  8337 | D:9      | Reached ***** piety under Okawaru
  8339 | D:9      | Noticed a two-headed ogre
  8355 | D:9      | HP: 1/84 [two-headed ogre/+0 giant spiked club (14)]
  8355 | D:9      | Demolished by a two-headed ogre

Illustrated notes

Levels and vault maps discovered:
D:1:      grunt_arrival_crossed_arrows, layout_loops_ring
D:2:      layout_loops_cross, uniq_jessica
D:3:      layout_loops_ring, lemuel_doored_altar, serial_shops, shop,
          portal_sewer_entry_e
D:4:      layout_basic, lemuel_round_altar, minitemple, gammafunk_ghost_smash,
          nicolae_concentric_dashed_squares_wild
D:5:      layout_rooms, nicolae_overflow_hidden_temple,
          minmay_temple_entry_offerings, serial_glass, glass_columns_b,
          glass_columns_b, sword_in_stone, uniq_eustachio
D:6:      layout_basic, serial_shops, shop, shop, shop, nicolae_shop_scrapyard
D:7:      layout_cave_pools, nicolae_zig_zag_zippers, uniq_maurice
D:8:      layout_basic, uniq_pikel
D:9:      layout_loops_ring, erik_lair_orcish_takeover, ebering_ghost_xom

Skill      XL: |  1  2  3  4  5  6  7  8  9 10 |
---------------+-------------------------------+-----
Axes           | 3 4 5 6 7 9 11 14 16 | 16.0
Fighting       | 4 6 |  6.5
Armour         | 4 6 |  6.3
Shields        | 4 6 |  6.4

Action                     |  1- 3 |  4- 6 |  7- 9 | 10-12 || total
---------------------------+-------+-------+-------+-------++-------
  Melee: War axe           |    90 |   229 |   427 |   100 ||   846
    Use: Scroll            |       |     3 |     6 |       ||     9
         Potion            |       |     1 |     5 |     2 ||     8
 Armour: Scale mail        |    55 |   177 |    21 |       ||   253
         Chain mail        |       |       |   383 |   108 ||   491
  Dodge: Dodged            |    49 |   113 |   132 |    36 ||   330
  Block: Buckler           |    16 |    47 |    28 |       ||    91
         Kite shield       |       |       |   111 |    35 ||   146

Table legend: (Time is in decaauts)
 A = Elapsed time spent in this place.
 B = Non-inter-level travel time spent in this place.
 C = Inter-level travel time spent in this place.
 D = Time resting spent in this place.
 E = Time spent auto-exploring this place.
 F = Levels seen in this place.
 G = Mean time per level.
                   A        B        C        D        E       F      G
               +--------+--------+--------+--------+--------+-----+--------+
         Total |   8374 |   8155 |    219 |      0 |   6441 |  10 |  837.4 |
       Dungeon |   8066 |   7847 |    219 |      0 |   6317 |   9 |  896.2 |
         Sewer |    308 |    308 |      0 |      0 |    124 |   1 |  308.0 |
               +--------+--------+--------+--------+--------+-----+--------+

Top non-repeatable levels by time:
     D:8: 1243 daAuts
     D:4: 1073 daAuts
     D:7: 1024 daAuts
     D:6: 995 daAuts
     D:3: 913 daAuts
     D:5: 801 daAuts
     D:1: 717 daAuts
     D:9: 651 daAuts
     D:2: 646 daAuts
   Sewer: 308 daAuts
